 Dungeon Crawl Stone Soup version 0.26-a0-450-ge645bd13c1 (webtiles) character file.

Game seed: 17628526536726072751

(classic levelgen) 6 EnegeticOcto the Skirmisher (level 1, 0/19 HPs)
             Began as a Ghoul Berserker on July 27, 2020.
             Was a Follower of Trog.
             Slain by a jackal (2 damage)
             ... on level 2 of the Dungeon.
             The game lasted 00:00:22 (55 turns).

EnegeticOcto the Skirmisher (Ghoul Berserker)         Turns: 55, Time: 00:00:23

Health: 0/19       AC:  2    Str: 19    XL:     1   Next: 90%
Magic:  0/0        EV: 12    Int:  3    God:    Trog [*.....]
Gold:   12         SH:  0    Dex:  8    Spells: 0/0 levels left

rFire    . . .     SeeInvis .   a - +0 hand axe
rCold    + . .     Faith    .   (no shield)
rNeg     + + +     Spirit   .   b - +0 animal skin
rPois    ∞         Reflect  .   (no helmet)
rElec    .         Harm     .   (no cloak)
rCorr    .                      (no gloves)
MR       .....                  (no boots)
Stlth    +.........             (no amulet)
HPRegen  0.00/turn              (no ring)
MPRegen  0.07/turn              (no ring)

@: no status effects
A: rotting body, claws 1, cold resistance 1, negative energy resistance 3,
inhibited regeneration, torment resistance, unbreathing
a: Renounce Religion


You were on level 2 of the Dungeon.
You worshipped Trog.
Trog was aware of your devotion.
You visited 1 branch of the dungeon, and saw 2 of its levels.

You collected 12 gold pieces.

Inventory:

Hand Weapons
 a - a +0 hand axe (weapon)
Armour
 b - a +0 animal skin (worn)
Potions
 c - a potion of might {unknown}
 d - a potion of brilliance {unknown}


   Skills:
 - Level 3.2 Fighting
 + Level 3.1 Axes
 - Level 1.7 Armour
 - Level 1.7 Dodging


You couldn't memorise any spells.
You didn't know any spells.
Your spell library was empty.

Dungeon Overview and Level Annotations

Branches:
Dungeon (1/15)

Altars:


Innate Abilities, Weirdness & Mutations

Your body is rotting away.
You thrive by killing the living.
You are immune to poison.
You have sharp fingernails.
Your flesh is cold resistant. (rC+)
You are immune to negative energy. (rN+++)
You do not regenerate when monsters are visible.
You are immune to unholy pain and torment.
You can survive without breathing.


Message History

Welcome, EnegeticOcto the Ghoul Berserker.
Will you be the one to retrieve the fabled Orb of Zot from the depths?
Trog says: Kill them all!
Press ? for a list of commands and other information.
Found a metallic brown potion.
Found a staircase leading out of the dungeon.
c - a metallic brown potion You open the door.
There is an open door here.
Found a brown potion.
Found 12 gold pieces.
A bat comes into view.
The bat hits you but does no damage.
You closely miss the bat. The bat misses you. The bat hits you.
You hit the bat but do no damage. The bat misses you.
The bat hits you but does no damage. The bat barely misses you.
You see here a brown potion.
d - a brown potion The bat closely misses you.
The bat misses you.
You hit the bat.
You kill the bat!
Trog accepts your kill.
Found a ring mail.
You now have 12 gold pieces.
Found a blue potion.
You fall into a shaft and drop 1 floor!
The shaft crumbles and collapses.
A ball python comes into view.
The ball python hisses angrily.
Found a scroll labeled YZXACU UDGHEUDO. 2 bats, 2 jackals and a dart slug come into view.
The dart slug moves out of view.
The jackal barks!
The bat misses you. The bat hits you. The bat hits you. The bat misses you.
The bat hits you but does no damage. x2
The jackal bites you. The bat hits you but does no damage. The bat misses you.
The jackal barely misses you. The bat closely misses you.
The bat closely misses you.
Found 11 gold pieces.
The bat closely misses you. x2
You barely miss the bat. The bat barely misses you.
You hit the bat.
The bat is moderately wounded.
The bat hits you.
You barely miss the bat.
The bat is moderately wounded.
The bat hits you but does no damage. The bat barely misses you.
You closely miss the bat.
The bat is moderately wounded.
The bat barely misses you. x2
You closely miss the bat.
The bat is moderately wounded.
The bat hits you but does no damage.
You hit the bat.
You kill the bat!
Trog accepts your kill. The bat closely misses you.
You miss the bat. The bat closely misses you. The bat barely misses you.
You hit the bat.
You kill the bat!
Trog accepts your kill. The jackal barely misses you.
You slash the jackal!
You kill the jackal!
Trog accepts your kill.
Your Axes skill increases to level 3!
The ball python bites you. The ball python grabs you.
The ball python constricts you.
You hit the ball python.
You kill the ball python!
Trog accepts your kill. The jackal barely misses you.
You closely miss the jackal. The jackal bites you.
You hit the jackal but do no damage. The jackal bites you.
* * * LOW HITPOINT WARNING * * *
The jackal bites you.
* * * LOW HITPOINT WARNING * * *
You barely miss the jackal. The jackal misses you.
The jackal barely misses you.
You barely miss the jackal. The jackal bites you.
You die...

#...............
#....?..........
#..............w
#...............
###...............
.................. ###
#...............
.$...####...............
#.....@hw..............
...##########...........
#...........
#...........
#........... #..........
#......... #....####


You could see a dart slug and a jackal.

Vanquished Creatures
  A ball python (D:2)
  3 bats
  A jackal (D:2)
5 creatures vanquished.

Notes
Turn   | Place    | Note
-------+----------+-------------------------------------------
     0 | D:1      | EnegeticOcto the Ghoul Berserker began the quest for the
                  | Orb.
     0 | D:1      | Reached XP level 1. HP: 19/19 MP: 0/0
    32 | D:1      | You fall into a shaft and drop 1 floor!
    50 | D:2      | Reached skill level 3 in Axes
    55 | D:2      | Slain by a jackal

Illustrated notes

Levels and vault maps discovered:
D:1:      mrwooster_arrival_statue_3, layout_basic, serial_rivers,
          chequers_serial_rivers_marsh, chequers_serial_rivers_micro_a,
          chequers_serial_rivers_micro_c, chequers_serial_rivers_small_3,
          nemelex_altar_shiori
D:2:      layout_rooms, wad_floor_pattern_2

Skill      XL: |  1 |
---------------+----+-----
Axes           | 3 |  3.1
Fighting       | |  3.2
Armour         | |  1.7
Dodging        | |  1.7

Action                   || total
-------------------------++-------
Melee: Hand axe          ||    17
Armor: Animal skin       ||     7
Dodge: Dodged            ||    24

Table legend: (Time is in decaauts)
 A = Elapsed time spent in this place.
 B = Non-inter-level travel time spent in this place.
 C = Inter-level travel time spent in this place.
 D = Time resting spent in this place.
 E = Time spent auto-exploring this place.
 F = Levels seen in this place.
 G = Mean time per level.
                   A        B        C        D        E       F      G
               +--------+--------+--------+--------+--------+-----+--------+
         Total |     57 |     57 |      0 |      0 |      0 |   2 |   28.5 |
       Dungeon |     57 |     57 |      0 |      0 |      0 |   2 |   28.5 |
               +--------+--------+--------+--------+--------+-----+--------+

Top non-repeatable levels by time:
     D:1: 32 daAuts
     D:2: 24 daAuts
